 Dungeon Crawl Stone Soup version 0.28.0-1-gb440e238dd (webtiles) character file.

Game seed: 8751996764143253209

333 Hasart the Insei (level 6, -2/40 HPs)
             Began as an Octopode Transmuter on Feb 19, 2022.
             Killed from afar by a white imp (9 damage)
             ... with a puff of frost
             ... summoned by Eustachio
             ... on level 4 of the Dungeon.
             The game lasted 00:03:56 (3708 turns).

Hasart the Insei (Octopode Transmuter)              Turns: 3708, Time: 00:03:56

Health: -2/40      AC:  3    Str:  9    XL:     6   Next: 52%
Magic:  9/10       EV: 13    Int: 18    God:
Gold:   148        SH:  0    Dex: 12    Spells: 4/10 levels left

rFire   . . .      SeeInvis .     - Unarmed
rCold   . . .      Faith    .   (no shield)
rNeg    . . .      Spirit   .   k - +2 hat
rPois   +          Reflect  .   (no amulet)
rElec   .          Harm     .   h - ring of poison resistance
rCorr   .          Rampage  .   (no ring)
Will    .....                   (no ring)
Stlth   ++........              (no ring)
HPRegen 0.13/turn               (no ring)
MPRegen 0.12/turn               (no ring)
                                (no ring)
                                (no ring)

@: no status effects
A: almost no armour, amphibious, 8 rings, camouflage 1, gelatinous body 1,
(nimble swimmer 1), tentacles
a: no special abilities


You were on level 4 of the Dungeon.
You visited 1 branch of the dungeon, and saw 4 of its levels.

You collected 148 gold pieces.

Inventory:

Armour
 k - a +2 hat (worn)
Jewellery
 h - a ring of poison resistance (left tentacle)
Wands
 j - a wand of flame (18)
Scrolls
 a - a scroll of identify {unknown}
 d - a scroll of brand weapon {unknown}
 e - a scroll of noise {unknown}
 f - a scroll of fear {unknown}
 g - 3 scrolls of teleportation {unknown}
 i - a scroll of amnesia {unknown}
Potions
 b - a potion of heal wounds {unknown}
 c - 3 potions of curing {unknown}


   Skills:
 + Level 2.3 Fighting
 + Level 3.0 Dodging
 * Level 4.4 Unarmed Combat
 + Level 2.7 Spellcasting
 + Level 2.8 Transmutations
 * Level 3.0 Poison Magic
 + Level 1.5 Evocations


You had 4 spell levels left.
You knew the following spells:

 Your Spells              Type           Power      Damage    Failure   Level
a - Beastly Appendage     Tmut           24%        N/A       5%          1
b - Wereblood             Tmut           12%        N/A       8%          2
c - Spider Form           Tmut/Pois      13%        N/A       16%         3

Your spell library contained the following spells:

 Spells                   Type           Power      Damage    Failure   Level
 Confusing Touch          Hex            2%         N/A       45%         3
 Ice Form                 Ice/Tmut       7%         N/A       67%         4
 Yara's Violent Unravell  Hex/Tmut       3%         3d4       95%         5
 Enfeeble                 Hex            1%         N/A       100%        7


Dungeon Overview and Level Annotations

Branches:
Dungeon (4/15)
 Temple: D:4-7

Altars:
Fedhas
Yredelemnul

Annotations:
D:4 Eustachio


Innate Abilities, Weirdness & Mutations

You cannot wear most types of armour.
You are amphibious.
You can wear up to eight rings at the same time.
Your skin changes colour to match your surroundings (Stealth+).
Your rubbery body absorbs attacks. (AC +1, EV +1)
((You are camouflaged when in or above water. (Stealth+)))
You have tentacles for arms and can constrict up to eight enemies at once.


Message History

Eustachio is heavily wounded.
Your transformation has ended.
Your +2 hat unmelds from your body.
Eustachio hits you with a +0 falchion! The quokka misses you.
You closely miss Eustachio. You grab Eustachio.
Eustachio is heavily wounded.
You constrict Eustachio, but do no damage.
The quokka closely misses you.
Unknown command.
You tentacle-slap Eustachio.
You squeeze Eustachio, but do no damage.
Eustachio is heavily wounded.
You constrict Eustachio, but do no damage.
Eustachio closely misses you. The quokka bites you.
Unknown command.
You tentacle-slap Eustachio.
Eustachio is severely wounded.
You constrict Eustachio. Eustachio hits you with a +0 falchion.
* * * LOW HITPOINT WARNING * * *
The quokka closely misses you.
Unknown command.
You barely miss Eustachio.
Eustachio is severely wounded.
You constrict Eustachio.
Eustachio mumbles some strange words.
The quokka barely misses you.
Unknown command.
You tentacle-slap Eustachio but do no damage.
You squeeze Eustachio, but do no damage.
Eustachio is severely wounded.
You constrict Eustachio. Eustachio hits you with a +0 falchion.
* * * LOW HITPOINT WARNING * * *
The quokka bites you.
* * * LOW HITPOINT WARNING * * *
You tentacle-slap Eustachio.
Eustachio is almost dead.
You constrict Eustachio. The white imp gestures at you.
The puff of frost hits you!
You die...

#.. #≈.. #.##
###≈.. #..##
#.'...
#..###.#≈.. #
##......#≈≈.
..##
##.########≈≈
.....## ##.##
##≈
......r####.##
## #..@@...##
###..5.##
###..# ####


You could see Eustachio (very poisoned), a white imp (summoned) and a quokka
(summoned).

Vanquished Creatures
  An ogre (D:4)
  A water moccasin skeleton (D:4)
  A hound (D:4)
  2 iguanas (D:4)
  5 adders
  An ufetubus (D:3)
  A worm (D:2)
  A dart slug (D:1)
  9 endoplasms
  6 giant cockroaches
  2 goblins
  8 hobgoblins
  2 quokkas (D:1)
  8 ball pythons
  3 bats
  2 frilled lizards
  10 kobolds
  6 rats
69 creatures vanquished.

Notes
Turn   | Place    | Note
-------+----------+-------------------------------------------
     0 | D:1      | Hasart the Octopode Transmuter began the quest for the Orb.
     0 | D:1      | Reached XP level 1. HP: 13/13 MP: 3/3
   417 | D:1      | Reached XP level 2. HP: 10/18 MP: 5/5
  1183 | D:1      | Reached XP level 3. HP: 17/23 MP: 6/6
  1186 | D:1      | Learned a level 2 spell: Wereblood
  1190 | D:1      | Learned a level 3 spell: Spider Form
  1367 | D:1      | Found a faded altar of an unknown god.
  1710 | D:2      | Found a basalt altar of Yredelemnul.
  1717 | D:2      | Reached skill level 1 in Poison Magic
  2235 | D:2      | Reached XP level 4. HP: 24/28 MP: 7/7
  2590 | D:3      | Found a blossoming altar of Fedhas.
  3304 | D:4      | Reached XP level 5. HP: 31/34 MP: 8/8
  3433 | D:4      | Noticed an ogre
  3437 | D:4      | Reached skill level 4 in Unarmed Combat
  3470 | D:4      | Killed an ogre
  3471 | D:4      | Reached skill level 1 in Evocations
  3471 | D:4      | Reached XP level 6. HP: 39/39 MP: 7/9
  3685 | D:4      | Noticed Eustachio
  3708 | D:4      | Killed from afar by a white imp

Illustrated notes

Levels and vault maps discovered:
D:1:      nzn_arrival_water_spiral, layout_basic,
          dreamdust_ecumenical_altar_hidden_monk_grotto, minmay_misc_feat_x
D:2:      layout_basic, basic_altar, minmay_misc_feat_ornament
D:3:      layout_basic, nicolae_overflow_crystal_walls
D:4:      minmay_clustersquares, layout_cave_pods, minmay_temple_entry_glass,
          kennysheep_potato, uniq_eustachio

Skill      XL: |  1  2  3  4  5  6 |
---------------+-------------------+-----
Poison Magic   | 1 2 3 |  3.0
Fighting       | 2 |  2.3
Unarmed Combat | 4 |  4.4
Evocations     | 1 |  1.5
Dodging        | 3 |  3.0
Spellcasting   | |  2.7
Transmutations | |  2.8

Action                   |  1- 3 |  4- 6 || total
-------------------------+-------+-------++-------
Melee: Unarmed           |    93 |    86 ||   179
       Constrict         |    25 |    15 ||    40
       Tentacles         |    19 |    16 ||    35
       Punch             |     6 |     1 ||     7
       Kick              |       |     1 ||     1
 Cast: Spider Form       |     1 |     3 ||     4
       Beastly Appendage |       |     1 ||     1
 Stab: Sleeping          |     9 |     9 ||    18
Armor: Skin              |     4 |     4 ||     8
Dodge: Dodged            |    38 |    58 ||    96
